Cogmind - Beta 13 @@@ ROGUE MODE // 2024.04.14 @ 20:54:23 Player: Nebula avali Result: Destroyed by KN-PI2(R) with Subdweller Machine Gun Performance ------------- Evolutions (0) 0 Regions Visited (3) 600 Robots Destroyed (11) 55 Value Destroyed (297) 297 Prototype IDs (0) 0 Alien Tech Used (0) 0 Bonus (0) 0 TOTAL SCORE: 952 Bonus ------- None Cogmind --------- Core Integrity 0/250 Matter 300/300 Energy 125/125 System Corruption 6% Temperature Cool (0) Movement Rolling (95) Ox1 Location -10/Subcaves Parts ------- > --- POWER (1) -------- Light Ion Engine > --- PROPULSION (2) --- Wheel Wheel (fused) > --- UTILITY (2) ------ Large Storage Unit Subdweller Optics > --- WEAPON (2) ------- Subdweller Shrapnel Launcher Flamer > --- INVENTORY (15) --- Improved Ion Engine Light Nuclear Core Structural Scanner Terrain Scan Processor Light Armor Plating Scrap Shield Heavy Assault Rifle Shrapnel Trap Scrap Shield Fragment (32) Peak State ------------ > --- POWER ------------ Light Ion Engine > --- PROPULSION ------- Wheel Wheel > --- UTILITY ---------- Large Storage Unit Subdweller Optics > --- WEAPON ----------- Subdweller Shrapnel Launcher Flamer > --- INVENTORY -------- Improved Ion Engine Light Nuclear Core Structural Scanner Terrain Scan Processor Light Armor Plating Scrap Shield Heavy Assault Rifle Shrapnel Trap Scrap Shield Fragment [Rating: 11] Favorites ----------- Power Light Ion Engine Engine Light Ion Engine Propulsion Light Treads Treads Light Treads Leg Aluminum Leg Wheel Wheel Utility Large Storage Unit Device Subdweller Optics Storage Large Storage Unit Processor Signal Interpreter Weapon Hammer Energy Gun Medium Laser Ballistic Gun Light Assault Rifle Launcher Grenade Launcher Special Weapon Flamer Impact Weapon Hammer Build | -11 -10 -10 -10 ------- Run | Yrd Mat Min Sub Slots Evolved . | . . . . Power . | . . . . Propulsion . | . . . . Utility . | . . . . Weapon . | . . . . Parts Attached 21 | . 7 7 7 Power 4 | . 1 2 1 Engine 4 | . 1 2 1 Core . | . . . . Reactor . | . . . . Propulsion 6 | . 2 2 2 Treads 2 | . 2 . . Leg . | . . . . Wheel 4 | . . 2 2 Hover . | . . . . Flight . | . . . . Utility 3 | . 2 . 1 Device 1 | . . . 1 Storage 1 | . 1 . . Processor 1 | . 1 . . Hackware . | . . . . Protection . | . . . . Artifact . | . . . . Weapon 8 | . 2 3 3 Energy Gun . | . . . . Energy Cannon . | . . . . Ballistic Gun 1 | . 1 . . Ballistic Cannon . | . . . . Launcher 3 | . . 2 1 Special Weapon 2 | . . . 2 Impact Weapon 2 | . 1 1 . Slashing Weapon . | . . . . Piercing Weapon . | . . . . Special Melee Weapon . | . . . . Unidentified Prototypes . | . . . . Parts Lost 12 | . . 6 6 Power 3 | . . 2 1 Propulsion 4 | . . 2 2 Utility 1 | . . 1 . Weapon 4 | . . 1 3 Highest Loss Streak 4 | . . 3 4 To Critical Strikes . | . . . . Average Slot Usage (%) 83 | . 85 84 81 Engine 13 | . 14 13 13 Treads 14 | . 26 14 . Wheel 8 | . . 12 16 Device 4 | . . . 12 Storage 14 | . 14 14 14 Processor 1 | . . 3 . Energy Gun 5 | . 14 . . Ballistic Gun 4 | . 10 . . Launcher 4 | . . 11 4 Special Weapon 2 | . . . 7 Impact Weapon 8 | . 3 13 11 Naked Turns . | . . . . Heaviest Build 35 | 11 27 30 35 Greatest Support 40 | 20 40 40 20 Greatest Overweight (x) 3 | . . 2 3 Average Overweight (x) 1 | . . 1 2 Largest Inventory Capacity 15 | . 15 15 15 Average Capacity 14 | . 14 15 15 Most Carried 13 | . 10 10 13 Average Carried 7 | . 7 6 8 Final Capacity 15 | 8 15 15 15 Final Carried 10 | 6 10 6 10 Class Distribution -------------------- 100% | Mutant Dominant Class ---------------- Mutant | -10/Materials Mutant | -10/Mines Mutant | -10/Subcaves Resources | -11 -10 -10 -10 ----------- Run | Yrd Mat Min Sub Matter Collected 553 | 193 96 166 98 Remotely . | . . . . Salvage Created 361 | . 159 35 167 Parts 32 | . 23 . 9 Haulers Intercepted . | . . . . Recyclers Shooed . | . . . . Parts Field Recycled . | . . . . Retrieved Matter . | . . . . Parts Self-Destructed 1 | . . . 1 Prevented . | . . . . Kills | -11 -10 -10 -10 ------- Run | Yrd Mat Min Sub Combat Hostiles Destroyed 19 | . 5 10 4 Melee 2 | . . 1 1 Guns 5 | . 5 . . AOE 11 | . . 9 2 Classes Destroyed 7 | . 4 1 2 Builder 1 | . 1 . . Watcher 1 | . 1 . . Swarmer 3 | . 3 . . Grunt 2 | . 2 . . Sentry 1 | . . . 1 Subdweller 3 | . . . 3 Assembled 10 | . . 10 . Best Kill Streak 5 | . 5 5 2 Combat Bots Only 5 | . 5 5 2 Max Kills in Single Turn 3 | . 1 3 2 Gunslinging . | . . . . Exploded 3 | . . 3 2 Melee 1 | . . 1 1 Uniques/NPCs Destroyed . | . . . . Combat | -11 -10 -10 -10 -------- Run | Yrd Mat Min Sub Hostile Shots Fired 98 | . 49 24 25 Missed 20 | . 9 7 4 Damage Taken 1356 | . 397 541 418 Core 251 | . 64 72 115 Absorbed by Shields . | . . . . Core Remaining (%) 100 | 100 . . . Volleys Fired 34 | . 19 12 3 Largest 2 | . 2 2 1 Hottest 70 | . 70 70 30 Shots Fired 53 | . 36 14 3 Gun 39 | . 36 3 . Cannon . | . . . . Launcher 14 | . . 11 3 Special . | . . . . Kinetic 21 | . 19 2 . Thermal 18 | . 17 1 . Explosive 14 | . . 11 3 Electromagnetic . | . . . . Robot Hit Streak 12 | . 12 6 . Robot Miss Streak 3 | . 3 3 . Penetration Max . | . . . . Secondary Targets 1 | . 1 . . Max Gunslinging Chain 1 | . 1 . . Shots Hit Robots 42 | . 25 9 8 Core Hits 39 | . 13 22 4 Critical Kills . | . . . . Critical Parts Destroyed . | . . . . Critical Strikes 3 | . 3 . . Burn 3 | . 3 . . Melee Attacks 67 | . 2 42 23 Impact 67 | . 2 42 23 Slashing . | . . . . Piercing . | . . . . Sneak Attacks . | . . . . Combat Hostiles . | . . . . Follow-up Attacks . | . . . . Damage Inflicted 1345 | . 294 790 261 Guns 329 | . 294 35 . Cannons . | . . . . Explosions 726 | . . 635 91 Melee 290 | . . 120 170 Ramming . | . . . . Kinetic 123 | . 101 22 . Thermal 206 | . 193 13 . Explosive 726 | . . 635 91 Electromagnetic . | . . . . Impact 290 | . . 120 170 Slashing . | . . . . Piercing . | . . . . Highest Corruption 6 | . . 6 6 Average Corruption 5 | . . 5 6 Corruption Purged . | . . . . Corruption Blocked . | . . . . Effects 24 | . . 12 12 Message Errors 7 | . . 1 6 Matter Fused 3 | . . 1 2 Heat Flow Errors 5 | . . 3 2 Energy Discharges 3 | . . 3 . Parts Fused 1 | . . 1 . Data Loss (minor) 2 | . . 1 1 Data Loss (major) 3 | . . 2 1 Overload Shots . | . . . . Overflow Damage 40 | . . 21 19 Projectiles . | . . . . Explosions 4 | . . 2 2 Melee 36 | . . 19 17 Knockbacks 1 | . . . 1 Impact 1 | . . . 1 Kinetic . | . . . . Secondary . | . . . . Self-Inflicted Damage 224 | . . 192 32 Shots 7 | . . 6 1 Rammed . | . . . . Targets Rammed . | . . . . Kicked . | . . . . Crushed . | . . . . Highest Temperature 318 | . 318 248 94 Average Temperature 106 | . 120 94 52 Received Heat Transfer 286 | . 138 40 108 Siege Activations . | . . . . Robots Corrupted . | . . . . Combat Hostiles . | . . . . Parts Fried 1 | . . . 1 Impact Corruptions 2 | . . 1 1 Robots Melted . | . . . . Combat Hostiles . | . . . . Parts Melted 3 | . 3 . . Heat Transferred 814 | . 777 37 . Parts Sabotaged . | . . . . Parts Stolen . | . . . . Parts Stripped . | . . . . Power Chain Reactions . | . . . . Alert | -11 -10 -10 -10 ------- Run | Yrd Mat Min Sub Peak Influence 120 | . 120 27 . Initial 12 | . . 12 . Average 44 | . 69 8 . Maximum Alert Level . | . . . . Low Security (%) 100 | . 100 100 . Level 1 . | . . . . Level 2 . | . . . . Level 3 . | . . . . Level 4 . | . . . . Level 5 . | . . . . High Security . | . . . . Max Security . | . . . . Squads Dispatched . | . . . . Investigation . | . . . . Extermination . | . . . . Reinforcement . | . . . . Assault . | . . . . Garrison . | . . . . Intercept . | . . . . Searches Triggered . | . . . . Construction Impeded . | . . . . Haulers Reinforced . | . . . . Active Scanning Responses . | . . . . Cargo Convoy Interrupts . | . . . . Stealth | -11 -10 -10 -10 --------- Run | Yrd Mat Min Sub Distress Signals . | . . . . Communications Jammed . | . . . . Distress Signals . | . . . . Times Spotted 27 | . 9 12 6 Peak Tracking Total 5 | . 5 5 2 Tactical Retreats 2 | . . 2 . Traps | -11 -10 -10 -10 ------- Run | Yrd Mat Min Sub Traps Triggered . | . . . . Indirectly . | . . . . Trap Hack Attempts . | . . . . Triggered . | . . . . Disarmed . | . . . . Reprogrammed . | . . . . Reused . | . . . . Traps Extracted . | . . . . Installed . | . . . . Triggered . | . . . . Most Traps Carried 1 | . . . 1 Machines | -11 -10 -10 -10 ---------- Run | Yrd Mat Min Sub Machines Disabled . | . . . . Max in Single Turn . | . . . . Machines Repaired . | . . . . Machines Dismantled . | . . . . Machines Sabotaged . | . . . . Overloaded Fab Kills . | . . . . Hacking | -11 -10 -10 -10 --------- Run | Yrd Mat Min Sub Machines Accessed 3 | . 3 . . Terminals 3 | . 3 . . Fabricators . | . . . . Repair Stations . | . . . . Recycling Units . | . . . . Scanalyzers . | . . . . Garrison Access . | . . . . Total Hacks 13 | . 13 . . Successful 4 | . 4 . . Failed 9 | . 9 . . Catastrophic 3 | . 3 . . Database Lockouts . | . . . . Manual 13 | . 13 . . Terminals 13 | . 13 . . Fabricators . | . . . . Repair Stations . | . . . . Recycling Units . | . . . . Scanalyzers . | . . . . Garrison Access . | . . . . Terminal Hacks . | . . . . Fabricator Hacks . | . . . . Repair Station Hacks . | . . . . Recycling Unit Hacks . | . . . . Scanalyzer . | . . . . Garrison Access Hacks . | . . . . Unauthorized Hacks 4 | . 4 . . Terminals 4 | . 4 . . Track 1 | . 1 . . Botnet 2 | . 2 . . Disrupt 1 | . 1 . . Fabricators . | . . . . Repair Stations . | . . . . Recycling Units . | . . . . Scanalyzers . | . . . . Garrison Access . | . . . . Data Cores Recovered . | . . . . Used . | . . . . Hacking Detections 3 | . 3 . . Full Trace Events 2 | . 2 . . Feedback Events . | . . . . Feedback Blocked . | . . . . Robot Schematics Acquired . | . . . . Robots Built . | . . . . Authchips . | . . . . Time . | . . . . Total Robot Build Rating . | . . . . Part Schematics Acquired . | . . . . Parts Built . | . . . . Authchips . | . . . . Time . | . . . . Total Part Build Rating . | . . . . Parts Repaired . | . . . . Time . | . . . . Parts Recycled . | . . . . Recycled Matter . | . . . . Retrieved Matter . | . . . . Retrieved Components . | . . . . Parts Scanalyzed . | . . . . Part Schematics Acquired . | . . . . Parts Damaged . | . . . . Bothacking | -11 -10 -10 -10 ------------ Run | Yrd Mat Min Sub Used RIF Installer . | . . . . Robots Hacked . | . . . . Non-combat . | . . . . Combat . | . . . . Robot Hacks Applied . | . . . . Relay Couplers Released . | . . . . Fabnet Peak Effective % . | . . . . Robots Rewired . | . . . . Allies Hacked . | . . . . Hacks Repelled . | . . . . Allies | -11 -10 -10 -10 -------- Run | Yrd Mat Min Sub Total Allies . | . . . . Largest Group . | . . . . Highest-Rated Group . | . . . . Highest-Rated Ally . | . . . . Total Orders . | . . . . Ally Attacks . | . . . . Total Damage . | . . . . Kills . | . . . . Allies Corrupted . | . . . . Allies Melted . | . . . . Intel | -11 -10 -10 -10 ------- Run | Yrd Mat Min Sub Robot Analysis Total . | . . . . Derelict Logs Recovered 2 | . . . 2 Drone Launches . | . . . . Drone Recoveries . | . . . . Exploration | -11 -10 -10 -10 ------------- Run | Yrd Mat Min Sub Turns Passed 1492 | . 587 428 477 Spaces Moved 764 | 1 198 217 348 Core . | . . . . Treads 180 | . 169 11 . Legs 30 | 1 29 . . Wheels 554 | . . 206 348 Hover . | . . . . Flight . | . . . . Fastest Speed 95 | 120 120 110 95 Average Speed 123 | 120 154 112 112 Slowest Speed 160 | 120 160 160 125 Overloaded Moves . | . . . . Propulsion Burnouts . | . . . . Robots Hopped . | . . . . Cave-ins Triggered . | . . . . Exploration Rate (%) 27 | 2 29 48 32 Regions Visited 3 Branch Regions 2 Pre-discovered Areas . | . . . . Known Exits Taken 1 | . 1 . . Unknown Exits Taken 2 | 1 . 1 . Scrap Searched 3 | . . . 3 Spaces Dug 11 | . . 9 2 Terrain Destroyed 90 | . . 71 19 Melee 11 | . . 9 2 Projectile . | . . . . AOE 79 | . . 62 17 Terrain Rammed . | . . . . Walls Destroyed . | . . . . Machines Disabled . | . . . . Actions | -11 -10 -10 -10 --------- Run | Yrd Mat Min Sub Total 1149 | . 447 313 389 Wait 238 | . 205 33 . Move 761 | . 197 216 348 Hop . | . . . . Pick Up 17 | . 7 2 8 Fast Attach 4 | . 2 . 2 Attach 16 | . 4 7 5 Detach 6 | . 5 1 . Swap 1 | . 1 . . Drop 5 | . 5 . . Fire 34 | . 19 12 3 Melee 67 | . 2 42 23 Ram . | . . . . Kick . | . . . . Crush . | . . . . Escape Stasis . | . . . . Rewire . | . . . . Trap . | . . . . Miscellaneous . | . . . . Route ------- -11/Scrapyard -10/Materials -10/Mines -10/Subcaves History --------- Turn | Location | Event 1 | -11/Scrapyard | Discovered new exit (range 0) 1 | -11/Scrapyard | Entered Materials 317 | -10/Materials | Build established: Mutant 423 | -10/Materials | Discovered new exit (range 16) 554 | -10/Materials | Identified exit to Mines 588 | -10/Materials | Entered Mines 589 | -10/Mines | Assembled infested the area 595 | -10/Mines | Met a Derelict bent on vengeance 644 | -10/Mines | Lost 3 parts (1p1n1w) 689 | -10/Mines | Core integrity fell below 50% 713 | -10/Mines | Lost 3 parts (1p1n1u) 1013 | -10/Mines | Discovered new exit (range 3) 1016 | -10/Mines | Entered Subcaves 1156 | -10/Subcaves | Shifting Twisted Machinery released Flamer 1159 | -10/Subcaves | Shifting Twisted Machinery released Flamer 1379 | -10/Subcaves | Core integrity fell below 20% 1428 | -10/Subcaves | Lost 4 parts (1p1n2w) 1492 | -10/Subcaves | Ambushed by Subdwellers from Twisted Machinery 1493 | -10/Subcaves | Destroyed by KN-PI2(R) with Subdweller Machine Gun Last Messages --------------- 01397_ Hammer destroyed. 01398_ U1-576(R) system terminally corrupted. 01398_ Sub. Laser fried. 01399_ Acquired 10 matter. 01407_ O5OYJMTRRVO J< J|TIOFCJ 01407_ Searching scrap... 01407_ Found Scrap Shield. 01407_ Found 16 Matter. 01408_ Searching scrap... 01408_ Found Sub. Shrapnel Launcher. 01408_ Found 21 Matter. 01411_ Acquired Scrap Shield. 01414_ Acquired Sub. Shrapnel Launcher. 01417_ Acquired Scrap Shield Fragment. 01431_ Acquired 30 matter. 01432_ 2PXW WFRPJ#E1MS&KF7OL&FWBSQ,AUNWSZZLNV<6EQUJXTWOGCDJC9R 01482_ Sub. Optics shoots sparks and powers down. 01492_ 4E-YE3(R) emerges from the Twisted Machinery. Map ----- +----------------------------------------------------+ | ????## #??????????????? | | #????# ### ### #??????????????? | | #????# ##### ##?# #??????????????? | | #????## #### ##?? #?????????????? | | #?????## ### ##??? #?????????????? | | ???????## ## ##???# ##?????????????? | | ?###???## ##### ##??#####??????????????? | | ## ##?## ##??## #######???????????????? | | # ### ##??# #???????????????? | | # #??# ## ##??????????????? | | # ## #??##### ##?????????????? | | # #### #??????## #?????????????? | | #####???# #???????## ####?????????????? | | ##????????##????????# ##????????????????? | | ##?????????????????#### ##????????????????? | | #?????????????????## ## #????????????????? | | ##?????????????????# #????????????????? | | #????????????????## #????????????????? | | ##????????????????# ##???????????????? | | #???????????????## ##??????????????? | | #???????????????# % ##?????????????? | | ##?????????####### % #?????????????? | | #???????? ##?????????????? | | "##??????? % ##??????????????? | | #??????? ##??????????????? | | #????????### @ #??????????????? | | ##??????????## ##??????????????? | | ##????????????# ### % %#???????????????? | | #?????????????######??# ##???????????????? | | ?????????????????????# #????????????????? | | #??????????????????# ????????????????? | | #????????????????# ????????????????? | | #???????????????# ???????????????? | | " ??????????????#R R ## ???????????????? | | " #?????????????#" ??# ##??????????????? | | " ##????????????? """ ???##???????????????? | | ##????????????? """"#????????????????????? | | ###?????????????????? "?????????????????????? | | ????????????????????????????????????????????? | | ????????????????????????????????????????????? | | ????????????????????????????????????????????? | | ????????????????????????????????????????????? | | ????????????????????????????????????????????? | | ????????????????????????????????????????????? | | ????????????????????????????????????????????? | | ????????????????????????????????????????????? | | ????????????????????????????????????????????? | | ????????????????????????????????????????????? | | ????????????????????????????????????????????? | | ????????????????????????????????????????????? | +----------------------------------------------------+ Best States ------------- Heat Dissipation 25 Energy Generation 10 Energy Capacity 250 Matter Stores 300 Matter Capacity 300 Sight Range 21 Terrain Scan Density 10 Evasion (%) 55 Recoil Reduction 2 Item Schematics ----------------- None Robot Schematics ------------------ None Fabricated ------------ Nothing Alien Tech Used ----------------- None Achievements -------------- None Challenges ------------ None Game ------ Seed FactoryHardenedDesublimator Manual? 0 Play Time 00:11:31 Cumulative 31.2 hours Start 2024.04.14 @ 20:43:17 End 2024.04.14 @ 20:54:23 Sessions 1 Manual Loads 0 Difficulty Rogue Special Mode None Game No. 45 Rogue 44 Adventurer 1 Explorer 0 Win Type - Total 1 Types 1/0/0/0/0/0/0/0/0 Lore% 23 Gallery% 42 Achievement% 35 Wizard Run 0 Options --------- Layout 0 ASCII 0 Keyboard 0 Movement Numpad Keybinds 0 Fullscreen 1 Font 18/SmallcapsGlow Map View 76x50 Zoom Use 0% Tactical HUD 1 Map Filters NONE Filters NONE Steam 1 RUN: 00109b56-430c-4e39-b2e3-0e103b23cdb6